 Dungeon Crawl Stone Soup version 0.21.1-1-g345015fe64 (webtiles) character file.

15 Ivernyr the Charmwright (level 2, -3/22 HPs)
             Began as a Demonspawn Skald on Apr 30, 2018.
             Slain by a hobgoblin
             ... wielding a +0 club
              (5 damage)
             ... on level 1 of the Dungeon.
             The game lasted 00:00:47 (330 turns).

Ivernyr the Charmwright (Demonspawn Skald)           Turns: 330, Time: 00:00:47

Health: -3/22      AC:  3    Str: 11    XL:     2   Next: 34%
Magic:  5/5        EV: 11    Int: 14    God:
Gold:   37         SH:  0    Dex: 12    Spells: 4/5 levels left

rFire    . . .     SeeInvis .   a - +0 falchion
rCold    . . .     Gourm    .   (no shield)
rNeg     . . .     Faith    .   b - +0 leather armour
rPois    .         Spirit   .   (helmet restricted)
rElec    .         Reflect  .   (no cloak)
rCorr    .         Harm     .   (no gloves)
MR       .....                  (no boots)
Stlth    +.........             (no amulet)
HPRegen  0.07/turn              (no ring)
MPRegen  0.09/turn              (no ring)

@: no status effects
A: antennae 1
a: no special abilities


You were on level 1 of the Dungeon.
You were not hungry.

You visited 1 branch of the dungeon, and saw 1 of its levels.

You collected 37 gold pieces.

Inventory:

Hand Weapons
 a - a +0 falchion (weapon)
Armour
 b - a +0 leather armour (worn)
Scrolls
 h - a scroll of identify {unknown}
Potions
 e - a potion of agility {unknown}
 f - a potion of heal wounds {unknown}
 g - a potion of lignification {unknown}
Books
 c - a book of Battle

   Spells                             Type                      Level
   a - Infusion                       Charms                       1
   b - Shroud of Golubria             Charms/Translocation         2
   c - Song of Slaying                Charms                       2
   d - Spectral Weapon                Hexes/Charms                 3
   e - Regeneration                   Charms/Necromancy            3
Comestibles
 d - 2 rations


   Skills:
 + Level 2.2 Fighting
 + Level 2.0 Long Blades
 * Level 1.4 Armour
 - Level 1.7 Dodging
 - Level 2.0 Spellcasting
 + Level 2.8 Charms


You had 4 spell levels left.
You knew the following spells:

 Your Spells              Type           Power        Failure   Level  Hunger
a - Infusion              Chrm           #...         10%         1    ##.....


Dungeon Overview and Level Annotations

Branches:
Dungeon (1/15)

Altars:


Innate Abilities, Weirdness & Mutations

You have a pair of small antennae on your head.


Message History

The hobgoblin shouts! x2
You hit the hobgoblin.
The hobgoblin is heavily wounded.
The hobgoblin barely misses you.
You barely miss the hobgoblin.
The hobgoblin is heavily wounded.
The hobgoblin hits you with a club. x2
The hobgoblin hits you but does no damage.
You hit the hobgoblin but do no damage.
The hobgoblin is heavily wounded.
The hobgoblin hits you with a club. x2
You closely miss the hobgoblin.
The hobgoblin is heavily wounded.
The hobgoblin barely misses you. The hobgoblin closely misses you.
You barely miss the hobgoblin. The hobgoblin hits you with a club.
The hobgoblin misses you.
You riposte.
You barely miss the hobgoblin. You barely miss the hobgoblin.
The hobgoblin hits you with a club.
* * * LOW HITPOINT WARNING * * *
The hobgoblin hits you with a club.
You die...

. #.# #......
.....######.####......
.....(.........#......
....)..........#......
.....#........#....##
#. ...#.#...........#
##.###.#.#.....##...
#........#.....# ...
#....g@........# ..
#.....g.##....##
#.......##....#
#.......##....#
#.......#######
#.......# #.......#
#.......# . ...


You could see 2 hobgoblins.

Vanquished Creatures
  A dart slug (D:1)
  A ball python (D:1)
  A bat (D:1)
  2 giant cockroaches (D:1)
  2 jackals (D:1)
  2 kobolds (D:1)
  A frilled lizard (D:1)
  2 rats (D:1)
12 creatures vanquished.

Notes
Turn   | Place    | Note
-------+----------+-------------------------------------------
     0 | D:1      | Ivernyr the Demonspawn Skald began the quest for the Orb.
     0 | D:1      | Reached XP level 1. HP: 16/16 MP: 3/3
    11 | D:1      | Noticed a minotaur zombie
    20 | D:1      | Noticed a merfolk zombie
    65 | D:1      | Reached skill level 1 in Armour
   179 | D:1      | Gained mutation: You have a pair of small antennae on your head. [demonic ancestry]
   179 | D:1      | Reached XP level 2. HP: 22/22 MP: 5/5
   330 | D:1      | Slain by a hobgoblin

Skill      XL: |  1  2 |
---------------+-------+-----
Armour         | 1 |  1.4
Long Blades    | 2 |  2.0
Fighting       | |  2.2
Dodging        | |  1.7
Spellcasting   | |  2.0
Charms         | |  2.8

Action                   || total
-------------------------++-------
Melee: Falchion          ||    39
Armor: Leather armour    ||    13
Dodge: Dodged            ||    39
       Rpst.: Falchion   ||     9
